 Dungeon Crawl Stone Soup version 0.22-a0-293-gc9362ec (webtiles) character file.

495 matakusis the Caller (level 6, 0/32 HPs)
             Began as a Deep Elf Summoner on Mar 24, 2018.
             Slain by an orc warrior
             ... wielding a +0 hand axe
              (10 damage)
             ... on level 5 of the Dungeon.
             The game lasted 00:25:38 (3693 turns).

matakusis the Caller (Deep Elf Summoner)            Turns: 3693, Time: 00:25:39

Health: 0/32       AC:  5    Str:  5    XL:     6   Next: 92%
Magic:  1/16       EV: 15    Int: 26    God:
Gold:   143        SH:  0    Dex: 15    Spells: 5/16 levels left

rFire    . . .     SeeInvis .   d - -1 whip (curse)
rCold    . . .     Gourm    .   (no shield)
rNeg     . . .     Faith    .   a - +0 robe
rPois    .         Spirit   .   (no helmet)
rElec    .         Reflect  .   (no cloak)
rCorr    .         Harm     .   k - +1 pair of gloves
MR       .....                  (no boots)
Stlth    +++.......             (no amulet)
HPRegen  0.10/turn              m - +6 ring of intelligence
MPRegen  0.15/turn              h - +2 ring of evasion

@: no status effects
A: camouflage 1, dopey 1, shaggy fur 1, subdued magic 1
a: no special abilities


You were on level 5 of the Dungeon.
You were near starving.

You visited 1 branch of the dungeon, and saw 5 of its levels.

You collected 143 gold pieces.

Inventory:

Hand Weapons
 d - a cursed -1 whip (weapon)
Missiles
 g - 18 arrows
 l - 140 stones (quivered)
Armour
 a - a +0 robe (worn)
 k - a +1 pair of gloves (worn)
Jewellery
 h - a +2 ring of evasion (right hand)
 i - an uncursed ring of ice
 m - a +6 ring of intelligence (left hand)
 n - a +5 ring of strength {unknown}
Wands
 o - a wand of polymorph (13)
 q - a wand of disintegration (10)
Scrolls
 b - a scroll of teleportation
 e - 3 scrolls of fog
 f - 3 scrolls of immolation
 p - 2 scrolls of enchant armour
 t - 2 scrolls of remove curse
Potions
 j - a potion of cancellation
 r - a potion of flight
 s - 2 potions of curing
Comestibles
 c - 14 rations
 u - 2 chunks of flesh


   Skills:
 + Level 2.7 Dodging
 - Level 2.4 Stealth
 + Level 5.9 Spellcasting
 * Level 7.4 Summonings
 * Level 1.8 Ice Magic
 + Level 1.0 Air Magic


You had 5 spell levels left.
You knew the following spells:

 Your Spells              Type           Power        Failure   Level  Hunger
a - Summon Small Mammal   Summ           ####         1%          1    None
b - Call Imp              Summ           #####...     1%          2    None
c - Summon Ice Beast      Ice/Summ       ###.....     8%          4    ###....
d - Summon Lightning Spi  Summ/Air       ###.....     10%         4    ###....


Dungeon Overview and Level Annotations

Branches:
Dungeon (5/15)
 Temple: D:4-7

Altars:
Ashenzari
Kikubaaqudgha
Uskayaw
Yredelemnul


Innate Abilities, Weirdness & Mutations

Your skin changes colour to match your surroundings (Stealth+).
You are dopey. (Int -2)
You are covered in fur. (AC +1)
Your spells are a little easier to cast, but a little less powerful.


Message History

The orc warrior hits your ice beast with a hand axe!
Your ice beast hits the orc warrior but does no damage.
The orc completely misses your ice beast.
Your ice beast barely misses the orc warrior.
The orc closely misses your ice beast.
The orc warrior hits you with a hand axe!
The orc warrior barely misses your ice beast.
The orc warrior hits your ice beast with a hand axe!
Your ice beast dies!
Your ice beast barely misses the orc warrior.
Your ice beast hits the orc warrior but does no damage.
The orc barely misses your ice beast. The orc barely misses your ice beast.
Your ice beast hits the orc warrior but does no damage.
Your ice beast hits the orc warrior.
Your ice beast freezes the orc warrior.
Casting: Summon Lightning Spire (safe; 10% risk of failure)
Confirm with . or Enter, or press ? or * to list all spells.
A chill wind blows around you.
The orc warrior hits you with a hand axe!
You die...

+.....
.....##+###+#######+#.....
..?.......................
...)......................
..........................
..........................
P.≈..†...............#####
≈.P♣....".###+###....'....
≈≈......)@#.....'....#....
........Yo#.....#....#####
#####...oY#.....#.........
##.....#.....#.........
##......#.....#.........
#.......#.....#.........
#.#.########'##......###
######.#...........+.>....#..
#......#..#........#......#..


You could see an orc warrior, an orc and 2 friendly ice beasts.

Vanquished Creatures
  An orc wizard (D:4)
  An orc (D:3)
  A bat zombie (D:5)
3 creatures vanquished.

Vanquished Creatures (collateral kills)
  Grinder (D:3)
  An ogre (D:5)
  A howler monkey (D:4)
  3 vampire bats (D:5)
  A crimson imp (D:3)
  A hound (D:3)
  An orc wizard (D:5)
  Ijyb (D:3)
  A centaur skeleton (D:4)
  Terence (D:2)
  Jessica (D:3)
  An iguana (D:4)
  2 worker ants
  7 gnolls
  6 adders
  2 howler monkey skeletons (D:4)
  A shadow imp (D:5)
  A worm (D:2)
  2 dart slugs
  3 leopard geckos
  5 orcs
  A ball python (D:2)
  2 bats
  4 bat zombies (D:5)
  7 giant cockroaches
  5 goblins (D:1)
  7 hobgoblins
  2 jackals (D:3)
  3 frilled lizards (D:2)
  8 kobolds
  A leopard gecko skeleton (D:5)
  A quokka skeleton (D:4)
  10 rats
94 creatures vanquished.

Vanquished Creatures (others)
  A howler monkey skeleton (D:5)
1 creature vanquished.

Grand Total: 98 creatures vanquished

Notes
Turn   | Place    | Note
-------+----------+-------------------------------------------
     0 | D:1      | matakusis the Deep Elf Summoner began the quest for the Orb.
     0 | D:1      | Reached XP level 1. HP: 10/10 MP: 6/6
   165 | D:1      | Reached XP level 2. HP: 15/15 MP: 5/8
   233 | D:1      | Learned a level 2 spell: Call Imp
   516 | D:1      | Reached skill level 5 in Summonings
   694 | D:2      | Noticed a phantom
   798 | D:2      | Found a faded altar of an unknown god.
   877 | D:2      | Reached XP level 3. HP: 13/19 MP: 0/10
  1196 | D:2      | Noticed Terence
  1216 | D:2      | Killed Terence
  1428 | D:2      | Reached XP level 4. HP: 24/24 MP: 4/12
  1473 | D:2      | Found a shattered altar of Ashenzari.
  1615 | D:2      | Found a basalt altar of Yredelemnul.
  1832 | D:3      | Learned a level 4 spell: Summon Ice Beast
  1837 | D:3      | Learned a level 4 spell: Summon Lightning Spire
  1870 | D:3      | Noticed Jessica
  1881 | D:3      | Killed Jessica
  1917 | D:3      | Reached skill level 6 in Summonings
  1982 | D:3      | Noticed Ijyb
  1990 | D:3      | Noticed Grinder
  1994 | D:3      | Killed Ijyb
  1994 | D:3      | Reached XP level 5. HP: 19/28 MP: 8/14
  2081 | D:3      | Killed Grinder
  2081 | D:3      | Reached skill level 5 in Spellcasting
  2081 | D:3      | Reached skill level 1 in Ice Magic
  2478 | D:4      | Reached XP level 6. HP: 24/32 MP: 10/15
  2552 | D:4      | Reached skill level 7 in Summonings
  2589 | D:4      | Found a hide-covered altar of Uskayaw.
  2729 | D:4      | Gained mutation: You are dopey. (Int -2) [potion of mutation]
  2729 | D:4      | Gained mutation: Your spells are a little easier to cast, but a little less powerful. [potion of mutation]
  2729 | D:4      | Gained mutation: Your skin changes colour to match your surroundings (Stealth+). [potion of mutation]
  2729 | D:4      | Gained mutation: You are covered in fur. (AC +1) [potion of mutation]
  3355 | D:5      | Entered Level 5 of the Dungeon
  3460 | D:5      | Found an ancient bone altar of Kikubaaqudgha.
  3483 | D:5      | Reached skill level 1 in Air Magic
  3674 | D:5      | Noticed an orc warrior
  3693 | D:5      | Slain by an orc warrior

Vault maps used:
D:1:      minmay_arrival_hallway, kennysheep_decorative_pillar
D:2:      yredelemnul_altar_generic, evilmike_ruin_ashenzari,
          chequers_ecumenical_altar_twisty, minivault_27, nrook_loot_triangle,
          uniq_terence
D:3:      first_ration, uniq_grinder, uniq_jessica, uniq_ijyb
D:4:      overflow_temple_1_default
D:5:      kennysheep_vampire_church, minmay_misc_feat_columns,
          columned_hall_lemuel, serial_bayou_pond_e, lemuel_flamethrower_2,
          uniq_sigmund

Skill      XL: |  1  2  3  4  5  6 |
---------------+-------------------+-----
Summonings     | 5 6 7 |  7.4
Spellcasting   | 4 5 |  5.9
Ice Magic      | 1 |  1.8
Air Magic      | 1 |  1.0
Dodging        | |  2.7
Stealth        | |  2.4

Action                   |  1- 3 |  4- 6 || total
-------------------------+-------+-------++-------
Melee: Unarmed           |    14 |    11 ||    25
       Whip              |       |    28 ||    28
 Cast: Summon Small Mamm |    20 |       ||    20
       Call Imp          |    40 |    19 ||    59
       Summon Lightning  |       |    13 ||    13
       Summon Ice Beast  |       |    15 ||    15
  Use: Scroll            |     7 |     8 ||    15
       Potion            |     1 |     4 ||     5
 Stab: Distracted        |       |     1 ||     1
       Sleeping          |       |     1 ||     1
  Eat: Chunk             |     3 |     8 ||    11
Armor: Robe              |     9 |    27 ||    36
       Skin              |       |     9 ||     9
Dodge: Dodged            |    29 |    69 ||    98

Table legend:
 A = Spawn XP
 B = Non-spawn XP
 C = Spawn XP percentage of total XP
 D = Spawn monster count
 E = Non-spawn monster count
 F = Spawn count percentage of total count
 G = Total turns spent on level
                    A         B        C        D         E        F      G
               +---------+---------+-------+---------+---------+-------+---------
         Total |       0 |     708 |   0.0 |       0 |      97 |   0.0 |  3693
               +---------+---------+-------+---------+---------+-------+---------
           D:1 |       0 |      29 |   0.0 |       0 |      26 |   0.0 |   669
           D:2 |       0 |      77 |   0.0 |       0 |      24 |   0.0 |  1157
           D:3 |       0 |     254 |   0.0 |       0 |      14 |   0.0 |   648
           D:4 |       0 |     165 |   0.0 |       0 |      16 |   0.0 |   881
           D:5 |       0 |     183 |   0.0 |       0 |      17 |   0.0 |   338
               +---------+---------+-------+---------+---------+-------+---------
